 Dungeon Crawl Stone Soup version 0.25.0-11-g1f837a76a1 (webtiles) character file.

Game seed: 2310546545286210624

51746 Krehm the Fighter (level 14, 0/118 HPs)
             Began as a Merfolk Transmuter on June 24, 2020.
             Was the Champion of Wu Jian.
             Slain by a warg (13 damage)
             ... led by an orc warlord
             ... on level 1 of the Orcish Mines.
             The game lasted 02:17:06 (31673 turns).

Krehm the Fighter (Merfolk Transmuter)             Turns: 31673, Time: 02:17:07

Health: 0/118      AC: 11    Str: 12    XL:     14   Next: 61%
Magic:  36/36      EV: 22    Int: 15    God:    Wu Jian [******]
Gold:   1096       SH:  0    Dex: 15    Spells: 20/32 levels left

rFire    . . .     SeeInvis .   x - staff of energy
rCold    . . .     Gourm    .   (no shield)
rNeg     . . .     Faith    .   O - +0 acid dragon scales
rPois    .         Spirit   .   s - +1 helmet
rElec    .         Reflect  .   D - +0 cloak
rCorr    +         Harm     .   c - +0 pair of gloves
MR       +....                  (no boots)
Stlth    +++.......             (no amulet)
HPRegen  0.00/turn              o - +4 ring of evasion
MPRegen  0.25/turn              G - ring of magical power

@: no status effects
A: change form in water, swift swim, stealthy swim, inhibited regeneration
a: Wall Jump, Serpent's Lash, Heavenly Storm, Renounce Religion


You were on level 1 of the Orcish Mines.
You worshipped Wu Jian.
Wu Jian was exalted by your worship.
You were not hungry.

You visited 3 branches of the dungeon, and saw 18 of its levels.
You also visited: Sewer.

You collected 1096 gold pieces.

Inventory:

Missiles
 a - 271 arrows
 u - 4 silver javelins
 E - 2 throwing nets
 F - 4 curare-tipped darts (quivered)
Armour
 c - a +0 pair of gloves (worn)
 s - a +1 helmet (worn)
 B - a +0 troll leather armour
 D - a +0 cloak (worn)
 K - a +2 robe of cold resistance
 O - +0 acid dragon scales (worn)
Magical Staves
 x - an uncursed staff of energy (weapon)
Jewellery
 o - a +4 ring of evasion (left hand)
 G - a ring of magical power (right hand)
 I - an uncursed ring of ice
 R - an uncursed ring of fire
 X - a cursed amulet of inaccuracy {unknown}
 Y - an uncursed ring of positive energy
Wands
 f - a wand of iceblast (19)
 q - a wand of paralysis (22)
 y - a wand of enslavement (17)
 L - a wand of polymorph (3)
 S - a wand of disintegration (12)
 Z - a wand of acid (5)
Scrolls
 i - 7 scrolls of remove curse
 k - a scroll of amnesia
 l - 9 scrolls of enchant armour
 p - a scroll of blinking
 r - 10 scrolls of teleportation
 w - 2 scrolls of magic mapping
 z - 3 scrolls of fog
 A - 3 scrolls of enchant weapon
 C - 2 scrolls of immolation
 N - 3 scrolls of fear
 U - a scroll of acquirement {unknown}
 V - 2 scrolls of brand weapon {unknown}
 W - a scroll of summoning {unknown}
Potions
 b - a potion of cancellation
 g - a potion of haste
 h - 2 potions of curing
 j - 3 potions of heal wounds
 m - 2 potions of might
 n - 4 potions of ambrosia
 t - 5 potions of flight
 H - a potion of mutation
 M - a potion of lignification
 P - a potion of resistance
Miscellaneous
 T - a phial of floods
Comestibles
 d - 36 rations


   Skills:
 + Level 13.0 Fighting
 - Level 4.0 Armour
 - Level 10.0 Dodging
 - Level 5.0 Stealth
 + Level 12.0 Unarmed Combat
 + Level 9.8 Spellcasting
 + Level 5.7 Hexes
 + Level 9.8 Transmutations
 - Level 4.0 Earth Magic
 - Level 8.1 Evocations


You had 20 spell levels left.
You knew the following spells:

 Your Spells              Type           Power        Failure   Level  Hunger
a - Beastly Appendage     Tmut           #####.       1%          1    None
b - Sticks to Snakes      Tmut           #####...     1%          2    None
c - Blade Hands           Tmut           #####.....   7%          5    None
d - Leda's Liquefaction   Hex/Erth       ###.......   21%         4    None

Your spell library contained the following spells:

 Spells                   Type           Power        Failure   Level  Hunger
 Corona                   Hex            ###....      1%          1    None
 Slow                     Hex            ###.....     2%          2    None
 Spider Form              Tmut/Pois      ###.......   6%          3    None
 Ignite Poison            Fire/Tmut/Pois ###.....     12%         3    None
 Foxfire                  Conj/Fire      #...         14%         1    None
 Inner Flame              Hex/Fire       ###.....     14%         3    None
 Portal Projectile        Hex/Tloc       ###...       14%         3    None
 Cause Fear               Hex            ###.......   14%         4    None
 Ice Form                 Ice/Tmut       ###.....     19%         4    None
 Conjure Flame            Conj/Fire      #.......     41%         3    None
 Statue Form              Tmut/Erth      ####.....    78%         6    None
 Sticky Flame             Conj/Fire      #.......     82%         4    None
 Bolt of Magma            Conj/Fire/Erth ##........   93%         5    None
 Fireball                 Conj/Fire      #.........   99%         5    None
 Iskenderun's Battlesphe  Conj/Chrm      #.......     99%         5    None
 Iron Shot                Conj/Erth      ##........   100%        6    None
 Starburst                Conj/Fire      #.........   100%        6    None
 Orb of Destruction       Conj           #.........   100%        7    None
 Ring of Flames           Chrm/Fire      #.........   100%        7    None
 Spellforged Servitor     Conj/Summ      #.........   100%        7    None
 Ignition                 Fire           #.........   100%        8    None
 Shatter                  Erth           ###.......   100%        9    None


Dungeon Overview and Level Annotations

Branches:
Dungeon (11/15)            Temple (0/1) D:7            Lair (6/6) D:11
  Swamp (0/4) Lair:2        Snake (0/4) Lair:3        Slime (0/5) Lair:6
    Orc (1/2) D:9           Sewer (visited)

Altars:
Ashenzari
Cheibriados
Elyvilon
Okawaru
Ru
Uskayaw
Vehumet
Wu Jian
Yredelemnul
The Shining One
Jiyva

Annotations:
D:10 1 exclusion
D:11 2 runed translucent doors, exclusion: 2 doors
Lair:1 3 runed translucent doors, exclusion: 2 doors, Urug; r0y's ghost, journeyman HOFi
Lair:6 exclusion: 2 oklob plants
Orc:1 Erica


Innate Abilities, Weirdness & Mutations

You revert to your normal form in water.
You are very nimble and swift while swimming.
You are very stealthy in the water. (Stealth+)
You do not regenerate when monsters are visible.


Message History

* * * LOW HITPOINT WARNING * * *
The orc warrior hits you with a +0 mace!!
* * * LOW HITPOINT WARNING * * *
You feel better. The orc priest misses you. The warg barely misses you.
Erica hits you with a +0 scimitar of flaming.
* * * LOW HITPOINT WARNING * * *
Erica burns you.
* * * LOW HITPOINT WARNING * * *
The red devil hits you from afar with a +0 trident!
* * * LOW HITPOINT WARNING * * *
The orc warrior barely misses you.
Really quaff the potion of lignification?
Okay, then.
Casting: Blade Hands (dangerous; 7% risk of failure)
Confirm with . or Enter, or press ? or * to list all spells.
Okay, then.
You spin and attack the orc warrior.
You closely miss the orc warrior.
You spin and attack the warg.
You hit the warg but do no damage. The warg bites you!
You die...

#### ###..##
#[#...#
###.<)).## .
#...[ho@.#....
#.).)@)oo.....
#...###o4....#
......#
o4...##
#.#.....#
.....# ###..o#
....... #....
.##.... .##^.
.# .... ..
##.. .# ...


You could see Erica, a chaos spawn (summoned), a warg, an orc sorcerer (strong),
a red devil (summoned), 2 orc warriors and an orc priest (strong).

Vanquished Creatures
  An orc warlord (Orc:1)
  A dire elephant (Lair:6)
  Fannar (D:10)
  2 hydras
  A catoblepas (Lair:6)
  2 two-headed ogres (D:11)
  A queen ant (Lair:2)
  A deep troll shaman (Lair:6)
  4 death yaks (Lair:6)
  Sonja (D:10)
  Nergalle (D:11)
  An ugly thing (D:11)
  An orc knight (Orc:1)
  4 oklob plants (Lair:4)
  A cyclops (D:9)
  4 black mambas
  Maurice (D:8)
  9 elephants
  11 spiny frogs
  6 komodo dragons
  A gargoyle (D:11)
  2 rime drakes
  3 trolls
  Grinder (D:5)
  2 polar bears
  11 blink frogs
  2 bog bodies (Lair:2)
  15 hippogriffs
  6 dream sheep
  3 wyverns
  A vampire (D:11)
  33 yaks
  3 basilisks
  Grum (D:10)
  A hungry ghost (D:7)
  20 soldier ants (Lair:2)
  A naga (Lair:3)
  An acid dragon (D:11)
  13 water moccasins
  10 porcupines
  4 ice beasts
  2 sky beasts
  3 black bears
  Duvessa (D:7)
  10 orc warriors
  3 phantoms
  9 ogres
  21 wolves
  8 centaurs
  14 crocodiles
  9 big kobolds
  10 bullfrogs
  4 gnoll sergeants (D:9)
  2 scorpions
  Dowan (D:7)
  3 killer bees (D:10)
  6 crimson imps
  2 electric eels (Lair:3)
  2 hounds
  Crazy Yiuf (D:3)
  3 jellies
  2 orc priests
  An iguana (D:5)
  4 orc wizards
  27 worker ants
  A hound zombie (D:7)
  A mummy (D:8)
  A worker ant zombie (D:9)
  Robin (D:3)
  10 adders
  2 river rats (Sewer)
  A shadow imp (D:11)
  2 oozes
  A worm (D:4)
  A dart slug (D:1)
  28 orcs
  A ball python (D:4)
  8 bats
  7 giant cockroaches
  7 hobgoblins
  20 jackals
  3 quokkas
  2 frilled lizards
  14 goblins
  5 goblin skeletons (D:9)
  2 goblin zombies (D:9)
  3 hobgoblin zombies (D:9)
  9 kobolds
  A kobold zombie (D:9)
  A leopard gecko skeleton (D:6)
  A leopard gecko zombie (D:8)
  An orc skeleton (D:9)
  An orc zombie (D:9)
  A quokka skeleton (D:8)
  A quokka zombie (D:7)
  17 rats
  A plant (D:11)
491 creatures vanquished.

Vanquished Creatures (collateral kills)
  An ice beast (D:5)
  A sky beast (D:5)
  A black bear (D:3)
  4 ogres
  A centaur (D:6)
  A crimson imp (D:5)
  3 hounds
  A jelly (D:5)
  An orc priest (D:5)
  An orc wizard (D:5)
  An iguana (D:6)
  A worker ant (D:4)
  3 adders
  An adder skeleton (D:4)
  A worm (D:2)
  5 orcs
  4 giant cockroaches (D:5)
  A goblin (D:2)
  A kobold (Sewer)
  A rat (D:2)
34 creatures vanquished.

Vanquished Creatures (others)
  12 fungi
  12 plants
24 creatures vanquished.

Grand Total: 549 creatures vanquished

Notes
Turn   | Place    | Note
-------+----------+-------------------------------------------
     0 | D:1      | Krehm the Merfolk Transmuter began the quest for the Orb.
     0 | D:1      | Reached XP level 1. HP: 15/15 MP: 3/3
   344 | D:1      | Reached XP level 2. HP: 19/21 MP: 3/5
   349 | D:1      | Learned a level 2 spell: Sticks to Snakes
  1179 | D:1      | Reached XP level 3. HP: 19/27 MP: 4/6
  1476 | D:2      | Reached skill level 2 in Fighting
  2065 | D:2      | Reached XP level 4. HP: 32/33 MP: 1/7
  2604 | D:2      | Found a faded altar of an unknown god.
  2829 | D:2      | Found an ornate altar of the Wu Jian Council.
  2834 | D:2      | Became a worshipper of the Wu Jian Council
  3498 | D:3      | Found a basalt altar of Yredelemnul.
  3838 | D:3      | Noticed a black bear
  3898 | D:3      | Killed a black bear
  3898 | D:3      | Reached XP level 5. HP: 9/39 MP: 1/9
  4129 | D:3      | Learned a level 5 spell: Blade Hands
  4183 | D:3      | Found a white marble altar of Elyvilon.
  4403 | D:3      | Noticed a centaur
  4418 | D:3      | Killed a centaur
  4418 | D:3      | Reached skill level 3 in Fighting
  4418 | D:3      | Reached XP level 6. HP: 9/47 MP: 5/10
  5059 | D:3      | Noticed Robin
  5095 | D:2      | Reached * piety under Wu Jian
  5328 | D:3      | Found a runed translucent door.
  5329 | D:3      | Noticed Crazy Yiuf
  5360 | D:3      | Found a basalt altar of Yredelemnul.
  5387 | D:3      | Killed Robin
  5454 | D:3      | Found a white marble altar of Elyvilon.
  6021 | D:4      | Reached skill level 5 in Transmutations
  6775 | D:5      | Entered Level 5 of the Dungeon
  6805 | D:5      | Reached skill level 5 in Dodging
  7069 | D:5      | Noticed an ice beast
  7084 | D:5      | Killed an ice beast
  7084 | D:5      | Reached XP level 7. HP: 29/53 MP: 4/12
  7247 | D:5      | Found a glowing drain.
  7261 | D:5      | Reached skill level 4 in Fighting
  7289 | Sewer    | Entered a sewer
  7613 | Sewer    | Found a white marble altar of Elyvilon.
  7685 | D:5      | Reached ** piety under Wu Jian
  8193 | D:5      | Noticed Grinder
  8266 | D:5      | Paralysed by Grinder for 2 turns
  8281 | D:5      | Killed Grinder
  8281 | D:5      | Reached XP level 8. HP: 34/61 MP: 1/14
  8539 | D:5      | Found a shattered altar of Ashenzari.
  8540 | D:5      | Found a radiant altar of Vehumet.
  8669 | D:5      | Reached skill level 5 in Fighting
  9530 | D:6      | Reached skill level 5 in Spellcasting
 10850 | D:6      | Reached skill level 6 in Fighting
 10980 | D:7      | Found a staircase to the Ecumenical Temple.
 11217 | D:7      | Reached XP level 9. HP: 66/69 MP: 16/18
 11283 | D:7      | Found an iron altar of Okawaru.
 11901 | D:7      | Noticed Dowan
 12396 | D:7      | Found a sacrificial altar of Ru.
 12425 | D:7      | Killed Dowan
 12426 | D:7      | Noticed Duvessa
 12433 | D:7      | Killed Duvessa
 12917 | D:8      | Found a snail-covered altar of Cheibriados.
 12965 | D:8      | Noticed Maurice
 12976 | D:8      | Killed Maurice
 12976 | D:8      | Reached skill level 7 in Fighting
 13330 | D:8      | Reached XP level 10. HP: 70/79 MP: 12/21
 13340 | D:8      | Reached *** piety under Wu Jian
 13438 | D:8      | Noticed a two-headed hydra
 14320 | D:9      | Got a steaming rapier
 14353 | D:9      | Noticed a cyclops
 14361 | D:9      | Killed a cyclops
 14361 | D:9      | Reached skill level 5 in Unarmed Combat
 14843 | D:9      | Found a hide-covered altar of Uskayaw.
 14990 | D:9      | Reached skill level 1 in Stealth
 15124 | D:9      | Found a glowing golden altar of the Shining One.
 15188 | D:9      | Reached skill level 1 in Evocations
 15196 | D:9      | Reached skill level 8 in Fighting
 15545 | D:8      | Reached XP level 11. HP: 23/87 MP: 17/23
 16109 | D:9      | Found a staircase to the Orcish Mines.
 17067 | D:9      | Reached **** piety under Wu Jian
 17382 | D:9      | Found a hide-covered altar of Uskayaw.
 17577 | D:9      | Found a glowing golden altar of the Shining One.
 18048 | D:9      | Found a staircase to the Orcish Mines.
 18103 | D:10     | Entered Level 10 of the Dungeon
 18114 | D:10     | Noticed Sonja
 18128 | D:10     | Killed Sonja
 18128 | D:10     | Reached skill level 9 in Fighting
 18769 | D:10     | Noticed Fannar
 18795 | D:10     | Killed Fannar
 18795 | D:10     | Reached skill level 10 in Dodging
 18795 | D:10     | Reached skill level 5 in Stealth
 19399 | D:10     | Noticed Grum
 19422 | D:10     | Killed Grum
 19422 | D:10     | Reached skill level 1 in Armour
 19945 | D:11     | Reached skill level 5 in Evocations
 20216 | D:11     | Reached XP level 12. HP: 97/97 MP: 19/24
 20267 | D:11     | Noticed a two-headed ogre
 20280 | D:11     | Killed a two-headed ogre
 20379 | D:11     | Reached skill level 10 in Fighting
 20507 | D:11     | Noticed Nergalle
 20534 | D:11     | Killed Nergalle
 20686 | D:11     | Noticed a naga warrior
 20687 | D:11     | Found a large runed translucent door.
 20688 | D:11     | Found a large runed translucent door.
 20698 | D:11     | Noticed a naga warrior
 20713 | D:11     | Found a staircase to the Lair.
 20798 | D:11     | Noticed a two-headed ogre
 20805 | D:11     | Killed a two-headed ogre
 20959 | Lair:1   | Entered Level 1 of the Lair of Beasts
 21086 | Lair:1   | Found a runed translucent gate.
 21087 | Lair:1   | Found a runed translucent gate.
 21290 | Lair:1   | Reached ***** piety under Wu Jian
 21517 | Lair:1   | Noticed Urug
 21712 | Lair:1   | Found a runed translucent gate.
 21714 | Lair:1   | Noticed r0y's ghost (journeyman HOFi)
 21716 | Lair:1   | Found a viscous altar of Jiyva.
 21765 | Lair:2   | Found a staircase to the Swamp.
 21923 | Lair:2   | Noticed a queen ant
 21934 | Lair:2   | Killed a queen ant
 21956 | Lair:2   | Reached skill level 11 in Fighting
 22236 | Lair:2   | Reached XP level 13. HP: 106/106 MP: 20/25
 22391 | Lair:2   | Reached skill level 10 in Unarmed Combat
 22904 | Lair:3   | Found a staircase to the Snake Pit.
 23350 | Lair:3   | Learned a level 4 spell: Leda's Liquefaction
 24802 | Lair:4   | Reached skill level 1 in Hexes
 24832 | Lair:4   | Reached skill level 1 in Earth Magic
 25649 | Lair:4   | Reached skill level 12 in Fighting
 25887 | Lair:4   | Gained mutation: You do not regenerate when monsters are
                  | visible. [mutagenic glow]
 26260 | Lair:5   | You fall into a shaft and drop 1 floor!
 26260 | Lair:6   | Entered Level 6 of the Lair of Beasts
 26283 | Lair:6   | HP: 3/108 [spiny frog (14)]
 26733 | Lair:6   | Found a staircase to the Slime Pits.
 27202 | Lair:5   | Reached ****** piety under Wu Jian
 27617 | Lair:6   | Reached XP level 14. HP: 110/116 MP: 27/27
 29431 | Lair:6   | Reached skill level 5 in Hexes
 29734 | Lair:6   | Noticed a dire elephant
 29775 | Lair:6   | Killed a dire elephant
 30457 | D:8      | Found a snail-covered altar of Cheibriados.
 30975 | D:3      | Killed Crazy Yiuf
 31211 | Orc:1    | Entered Level 1 of the Orcish Mines
 31261 | Orc:1    | Noticed an orc warlord
 31654 | Orc:1    | Noticed Erica
 31660 | Orc:1    | Reached skill level 13 in Fighting
 31667 | Orc:1    | Killed an orc warlord
 31673 | Orc:1    | Slain by a warg

Illustrated notes

Levels and vault maps discovered:
D:1:      eino_arrival_druids_welcome, layout_basic, serial_aquarium,
          aquarium_bridge_island_large [aquarium_subvault_large_water,
          aquarium_subvault_bridge, aquarium_subvault_bridge,
          aquarium_subvault_balcony, aquarium_subvault_window],
          aquarium_window_double, aquarium_window_1, aquarium_view_2d,
          aquarium_view_2e
D:2:      layout_basic, nicolae_overflow_crystal_walls,
          chequers_ecumenical_altar_lobes, minmay_randomly_rotated_circles
D:3:      layout_loops_ring, elyvilon_altar_1, first_ration,
          yredelemnul_altar_generic, uniq_crazy_yiuf_cottage, uniq_robin
D:4:      layout_basic
D:5:      layout_cave_pools, kennysheep_mini, ashenzari_altar_1,
          gup_sewer_entry_glass, roderic_serpentine_path, uniq_grinder
D:6:      layout_cave_pods
D:7:      layout_basic, kennysheep_mini_moat, lemuel_doored_altar,
          minmay_temple_entry_arrows, uniq_duvessa
D:8:      layout_loops_ring, slow_altar_1, hangedman_ranch
          [blue_anna_fruit_fields], uniq_maurice
D:9:      layout_basic, kennysheep_little_box, nicolae_tso_besieged_by_evil,
          kennysheep_orc_monster_closet_entryway
D:10:     layout_irregular_city, uniq_fannar, uniq_sonja, uniq_grum
D:11:     okawaru_arena_lexackson, layout_irregular_city, david_lair_shrubbed,
          uniq_nergalle
Lair:1:   layout_small_grid, gammafunk_ghost_ooze, minmay_stone_trees_small,
          uniq_urug
Lair:2:   layout_chaotic_city, skrybe_swamp_entry_bodies, minivault_29,
          lemuel_fruit_tree
Lair:3:   layout_roguey, guppyfry_snake_entry_island, serial_bayou_shore_a
Lair:4:   layout_cave_shapes, minmay_lair_oklob_chamber
Lair:5:   layout_loops_ring
Lair:6:   grunt_lair_end_beastmaster, layout_regular_city,
          minmay_slime_entry_oklob_open, serial_bayou_crossing
Orc:1:    layout_diamond_mine, ebering_ghost_reflecting_pool, uniq_erica

Skill      XL: |  1  2  3  4  5  6  7  8  9 10 11 12 13 14 |
---------------+-------------------------------------------+-----
Dodging        | 3 4 5 6 7 9 10 | 10.0
Transmutations | 3 4 5 6 7 9 |  9.8
Fighting       | 2 3 4 6 7 8 9 11 12 13 | 13.0
Spellcasting   | 3 4 6 7 8 9 |  9.8
Unarmed Combat | 4 6 7 9 11 12 | 12.0
Stealth        | 3 5 |  5.0
Evocations     | 2 5 7 8 |  8.1
Armour         | 2 4 |  4.0
Hexes          | 3 5 |  5.7
Earth Magic    | 3 4 |  4.0

Action                   |  1- 3 |  4- 6 |  7- 9 | 10-12 | 13-15 || total
-------------------------+-------+-------+-------+-------+-------++-------
Melee: Unarmed           |    40 |       |    63 |   560 |   485 ||  1148
       Headbutt          |    14 |    48 |    50 |       |       ||   112
       Dagger            |   109 |   348 |   313 |       |       ||   770
       Punch             |     2 |     5 |     5 |    11 |    27 ||    50
       Tailslap          |       |       |     4 |       |       ||     4
       Staff             |       |       |       |     3 |    29 ||    32
Throw: Dart              |       |       |    12 |     5 |       ||    17
       Javelin           |       |       |     3 |       |       ||     3
       Throwing net      |       |       |       |     1 |       ||     1
 Cast: Beastly Appendage |    11 |    24 |    37 |       |       ||    72
       Sticks to Snakes  |     5 |    24 |    56 |     5 |       ||    90
       Blade Hands       |       |       |    15 |    79 |    69 ||   163
Invok: Lunge             |       |    12 |    14 |    57 |    43 ||   126
       Whirlwind         |       |     3 |     5 |    25 |    39 ||    72
Evoke: Wand              |       |       |     2 |       |       ||     2
  Use: Scroll            |       |    10 |       |     1 |    11 ||    22
       Potion            |       |     1 |     1 |       |     6 ||     8
 Stab: Sleeping          |       |     3 |     2 |     2 |     2 ||     9
       Distracted        |       |       |     4 |     1 |       ||     5
       Paralysed         |       |       |     3 |       |       ||     3
  Eat: Chunk             |     4 |    17 |    15 |    26 |    21 ||    83
       Ration            |       |       |     3 |     1 |     3 ||     7
Armor: Robe              |    26 |    32 |    39 |    14 |       ||   111
       Troll leather arm |       |       |       |    38 |     9 ||    47
       Acid dragon scale |       |       |       |       |    99 ||    99
Dodge: Dodged            |   100 |   276 |   236 |   328 |   517 ||  1457
